AoeStats
← Valeier

Arabia

507805584Analyzed
1v1 RM · 13d ago on Sep 19, 2026· 23m 39s· 2 players
Game mode
Random Map
Map size
Tiny (2 player)
Population
200
Speed
Normal
Resources
Standard
Victory
Conquest
Starting age
Dark Age
Ending age
Imperial Age
RankedLock teamsTeams togetherTeam positionsShared explorationLock speedFull tech treeHidden civsTurbo modeCheats
Victory
Defeat
🇸🇪 Ethiopians · Sweden
1515
+14
🇨🇴 Goths · Colombia
1468
-14
Togandini
6:44 Loom
9:58 Feudal Age
10:00 Man-at-Arms
11:11 Double-Bit Axe
15:48 Town Watch
17:35 Fletching
23:18 Castle Age
23:01 Padded Archer Armor
Valeier
6:55 Loom
9:36 Feudal Age
10:01 Man-at-Arms
10:31 Double-Bit Axe
10:26 Horse Collar
15:24 Fletching
23:06 Castle Age
23:20 Crossbowman
23:56 Bodkin Arrow
Connection lost

Rejoining the realm…

Still unreachable

The connection could not be restored.

Session expired

The server has moved on; the page needs a fresh start.